 Seeded DCSS version 0.29-a0-344-ge2f44be95a (webtiles) character file.

Game seed: 561048176813763770 (custom seed)

80 klau3 the Skirmisher (level 4, -2/49 HPs)
             Began as an Ogre Berserker on Apr 21, 2022.
             Was a Believer of Trog.
             Slain by a kobold brigand
             ... wielding a +0 short sword
              (5 damage)
             ... on level 4 of the Dungeon.
             The game lasted 00:21:59 (2027 turns).

klau3 the Skirmisher (Ogre Berserker)               Turns: 2027, Time: 00:22:00

Health: -2/49      AC:  3    Str: 23    XL:     4   Next: 39%
Magic:  4/4        EV: 10    Int:  8    God:    Trog [**....]
Gold:   171        SH:  0    Dex:  8    Spells: 3/3 levels left

rFire   . . .      SeeInvis .   j - +4 club
rCold   . . .      Faith    .   (no shield)
rNeg    . . .      Spirit   .   b - +0 animal skin
rPois   .          Reflect  .   (helmet restricted)
rElec   .          Harm     .   (no cloak)
rCorr   .          Rampage  .   (gloves unavailable)
Will    .....                   (boots unavailable)
Stlth   +.........              (no amulet)
HPRegen 0.16/turn               (no ring)
MPRegen 0.09/turn               (no ring)

@: no status effects
A: large, unfitting armour, tough skin 1, talons 1, wild magic 2
a: Renounce Religion, Berserk, Trog's Hand


You were on level 4 of the Dungeon.
You worshipped Trog.
Trog was pleased with you.
You visited 1 branch of the dungeon, and saw 4 of its levels.

You collected 171 gold pieces.

Inventory:

Hand Weapons
 a - a +0 spear
 i - a +0 whip
 j - a +4 club (weapon)
 k - a +0 mace
 n - a +0 hunting sling
Missiles
 c - 3 boomerangs (quivered)
 e - 95 stones
 l - 2 large rocks
Armour
 b - a +0 animal skin (worn)
 g - a +0 chain mail
Scrolls
 d - 2 scrolls of blinking
 f - 3 scrolls of identify
 o - a scroll of amnesia
 p - a scroll of fear
Potions
 h - a potion of berserk rage {unknown}
 m - a potion of brilliance


   Skills:
 + Level 4.8 Fighting
 + Level 0.2 Maces & Flails
 + Level 3.8 Polearms
 + Level 0.1 Throwing
 + Level 3.3 Dodging
 + Level 0.3 Stealth


You had 3 spell levels left.
You didn't know any spells.
Your spell library was empty.

Dungeon Overview and Level Annotations

Branches:
Dungeon (4/15)
 Temple: D:4-7

Altars:
Qazlal


Innate Abilities, Weirdness & Mutations

You are too large for most types of armour.
You have tough skin. (AC +1)
You have sharp toenails.
Your spells are harder to cast, but more powerful.


Message History

As you read the scroll of identify, it crumbles to dust.
m - a potion of brilliance
Found a scroll of identify.
f - 3 scrolls of identify (gained 1)
p - a scroll of fear
Things that are here:
a +0 hand axe; an orc skeleton
There is an escape hatch in the floor here.
There are no items here.
You slide downwards.
The hatch slams shut behind you.
The ball python hisses angrily.
The gnoll shouts! x2
Found 20 gold pieces and a cabochon ring.
Throw: 3 boomerangs
Press: ? - help, Q - select action, (/) - cycle Shift-Dir - straight line, f - gnoll
Aim: a gnoll, wielding a +0 halberd (60% to hit)
You throw a boomerang. The boomerang closely misses the gnoll.
You sock the gnoll!
The gnoll is heavily wounded.
The gnoll hits you from afar with a +0 halberd!
The gnoll hits you with a +0 whip.
You completely miss the gnoll. You claw the gnoll.
The gnoll is lightly wounded.
The gnoll hits you with a +0 whip. The gnoll completely misses you.
The gnoll hits you with a +0 whip.
You closely miss the ball python. Your kick misses the ball python.
The ball python bites you but does no damage.
The gnoll hits you with a +0 whip.
The kobold brigand hits you with a +0 short sword!
The gnoll hits you with a +0 whip.
* * * LOW HITPOINT WARNING * * *
The gnoll closely misses you. The ball python bites you.
* * * LOW HITPOINT WARNING * * *
The kobold brigand closely misses you. The gnoll hits you with a +0 whip.
* * * LOW HITPOINT WARNING * * *
The gnoll closely misses you. The gnoll hits you but does no damage.
You thump the ball python!
You kill the ball python!
Trog accepts your kill.
The kobold brigand hits you with a +0 short sword.
You die...

#..........#
#..........#
#..........#
#..........#
#..........#
#.=........#
#.$.....g..###.#
#..Kg......#
#..g@$.....#
#..........+
#..........#
############


You could see a kobold brigand and 3 gnolls.

Vanquished Creatures
  Jessica (D:3)
  2 adders
  A dart slug (D:1)
  4 orcs
  2 endoplasms
  2 giant cockroaches (D:1)
  2 goblins
  3 hobgoblins
  2 quokkas (D:2)
  3 ball pythons
  4 bats
  3 frilled lizards
  2 kobolds
  A rat (D:1)
32 creatures vanquished.

Notes
Turn   | Place    | Note
-------+----------+-------------------------------------------
     0 | D:1      | klau3 the Ogre Berserker began the quest for the Orb.
     0 | D:1      | Reached XP level 1. HP: 24/24 MP: 1/1
   104 | D:2      | Gained mutation: Your spells are a little harder to cast,
                  | but a little more powerful. [potion of mutation]
   104 | D:2      | Gained mutation: Your spells are harder to cast, but more
                  | powerful. [potion of mutation]
   104 | D:2      | Gained mutation: You have sharp toenails. [potion of
                  | mutation]
   155 | D:2      | Reached XP level 2. HP: 31/32 MP: 2/2
   276 | D:2      | Found a stormy altar of Qazlal.
   706 | D:3      | Reached XP level 3. HP: 40/40 MP: 3/3
   865 | D:3      | Noticed Jessica
   871 | D:3      | Killed Jessica
   872 | D:3      | HP: 2/40 [hobgoblin/+0 trident (5)]
  1100 | D:2      | Found a faded altar of an unknown god.
  1100 | D:2      | Noticed a blizzard demon
  1188 | D:1      | Reached XP level 4. HP: 35/49 MP: 4/4
  1746 | D:3      | Reached ** piety under Trog
  2021 | D:4      | Noticed a kobold brigand
  2027 | D:4      | Slain by a kobold brigand

Illustrated notes

Levels and vault maps discovered:
D:1:      lemuel_arrival_broad_hall, layout_basic
D:2:      layout_rooms, dreamdust_ecumenical_altar_sealed_demon, basic_altar
D:3:      layout_basic, minmay_joined_circles, uniq_jessica
D:4:      layout_basic, hangedman_abyss_or_decor_stagger

Skill      XL: |  1  2 |
---------------+-------+-----
Dodging        | 3 |  3.3
Fighting       | |  4.8
Maces & Flails | |  0.2
Polearms       | |  3.8
Throwing       | |  0.1
Stealth        | |  0.3

Action                   |  1- 3 |  4- 6 || total
-------------------------+-------+-------++-------
Melee: Spear             |    54 |       ||    54
       Kick              |     7 |     7 ||    14
       Club              |    10 |    14 ||    24
       Punch             |     1 |       ||     1
       Hunting sling     |       |     5 ||     5
Throw: Large rock        |       |     8 ||     8
       Boomerang         |       |     8 ||     8
  Use: Potion            |     2 |       ||     2
       Scroll            |     5 |     5 ||    10
 Stab: Sleeping          |       |     1 ||     1
Armor: Animal skin       |    21 |     5 ||    26
Dodge: Dodged            |    32 |    11 ||    43

Table legend: (Time is in decaauts)
 A = Elapsed time spent in this place.
 B = Non-inter-level travel time spent in this place.
 C = Inter-level travel time spent in this place.
 D = Time resting spent in this place.
 E = Time spent auto-exploring this place.
 F = Levels seen in this place.
 G = Mean time per level.
                   A        B        C        D        E       F      G
               +--------+--------+--------+--------+--------+-----+--------+
         Total |   2044 |    408 |   1636 |      0 |      0 |   4 |  511.0 |
       Dungeon |   2044 |    408 |   1636 |      0 |      0 |   4 |  511.0 |
               +--------+--------+--------+--------+--------+-----+--------+

Top non-repeatable levels by time:
     D:3: 985 daAuts
     D:2: 689 daAuts
     D:1: 361 daAuts
     D:4: 7 daAuts
